 Dungeon Crawl Stone Soup version 0.29.1-2-gbd0b4ee654 (webtiles) character file.

Game seed: 14464980073673526193

95501 H0rd4k the Martial Artist (level 16, -26/104 HPs)
             Began as an Octopode Transmuter on Oct 26, 2022.
             Was an Initiate of Gozag.
             Annihilated by a spriggan rider
             ... wielding a +0 spear
              (54 damage)
             ... on level 4 of the Swamp on Oct 27, 2022.
             The game lasted 01:42:02 (42056 turns).

H0rd4k the Martial Artist (Octopode Transmuter)    Turns: 42056, Time: 01:42:03

Health: -26/104    AC:  7    Str: 26    XL:     16   Next: 14%
Magic:  0/42       EV:  2    Int: 31    God:    Gozag
Gold:   2114       SH:  0    Dex: 22    Spells: 5/41 levels left

rFire   + + .      SeeInvis +     - Unarmed
rCold   x . .      Faith    .   (shield currently unavailable)
rNeg    + . .      Spirit   +   g - +2 hat {Will+}
rPois   +          Reflect  .   P - amulet of guardian spirit
rElec   +          Harm     .   q - +4 ring of protection
rCorr   .          Rampage  .   s - ring of see invisible
Will    +....                   H - +6 ring of dexterity
Stlth   +++++++...              k - ring "Epsisk" {EV+4 Str+3 Dex+2}
HPRegen 0.27/turn               w - ring of Efivosum {Will- Str+6 Int+5}
MPRegen 0.28/turn               Z - ring "Jaelu Nus" {rElec rF++ rC- rN+ MP+9 Int+6}
                                Q - +6 ring of strength
                                X - ring of poison resistance

@: blade tentacles, sleeping, marked, portalling projectiles, gold aura
A: almost no armour, amphibious, 8 rings, camouflage 1, gelatinous body 1,
nimble swimmer 1, tentacles
a: End Transformation, Renounce Religion, Potion Petition, Call Merchant, Bribe
Branch


You were on level 4 of the Swamp.
You worshipped Gozag.
Gozag was most pleased with you.
You had blades for main tentacles.
You visited 5 branches of the dungeon, and saw 24 of its levels.
You also visited: Sewer and Bailey.

You collected 8148 gold pieces.
You spent 3065 gold pieces at shops.
You paid 2969 gold pieces to Gozag.

Inventory:

Hand Weapons
 h - a +9 triple crossbow of venom (melded)
 J - the +8 dagger "Keyrer" {vorpal, rElec Will+}
   (You found it on level 2 of the Orcish Mines)

   It inflicts extra damage upon your enemies.
   rElec:     It insulates you from electricity.
   Will:      It increases your willpower.
Missiles
 b - 28 poisoned darts (quivered)
 G - 9 curare-tipped darts
Armour
 g - a +2 hat of willpower (worn)
Jewellery
 k - the ring "Epsisk" (on tentacle) {EV+4 Str+3 Dex+2}
   (You bought it in a shop on level 10 of the Dungeon)

   [ring of evasion]

   EV:        It affects your evasion (+4).
   Str:       It affects your strength (+3).
   Dex:       It affects your dexterity (+2).
 q - a +4 ring of protection (left blade tentacle)
 s - a ring of see invisible (right blade tentacle)
 v - the ring "Uphagim" {Fly rN+}
   (You bought it in a shop on level 10 of the Dungeon)

   [ring of positive energy]

   rN:        It protects you from negative energy.
   Fly:       It grants you flight.
 w - the ring of Efivosum (on tentacle) {Will- Str+6 Int+5}
   (You bought it in a shop on level 10 of the Dungeon)

   [ring of strength]

   Str:       It affects your strength (+6).
   Int:       It affects your intelligence (+5).
   Will:      It decreases your willpower.
 H - a +6 ring of dexterity (on tentacle)
 N - an amulet of reflection
 P - an amulet of guardian spirit (around mantle)
 Q - a +6 ring of strength (on tentacle)
 X - a ring of poison resistance (on tentacle)
 Z - the ring "Jaelu Nus" (on tentacle) {rElec rF++ rC- rN+ MP+9 Int+6}
   (You bought it in a shop on level 10 of the Dungeon)

   [ring of intelligence]

   Int:       It affects your intelligence (+6).
   rF:        It greatly protects you from fire.
   rC:        It makes you vulnerable to cold.
   rElec:     It insulates you from electricity.
   rN:        It protects you from negative energy.
   MP:        It affects your magic capacity (+9).
Wands
 t - a wand of light (11)
 x - a wand of mindburst (6)
 C - a wand of paralysis (11)
 F - a wand of flame (34)
 W - a wand of iceblast (7)
Scrolls
 c - a scroll of butterflies
 e - 4 scrolls of magic mapping
 n - 12 scrolls of teleportation
 p - a scroll of blinking
 r - 3 scrolls of brand weapon
 u - 2 scrolls of fear
 y - a scroll of silence
 M - a scroll of enchant weapon
 T - 2 scrolls of amnesia
 U - a scroll of identify
 V - a scroll of poison
Potions
 a - 7 potions of lignification
 d - 5 potions of invisibility
 f - 2 potions of cancellation
 j - 6 potions of brilliance
 l - 4 potions of resistance
 m - 11 potions of curing
 o - 7 potions of mutation
 z - 2 potions of magic
 A - 3 potions of might
 B - 2 potions of flight
 E - 2 potions of attraction
 I - 11 potions of ambrosia
 K - 23 potions of degeneration
 O - 3 potions of haste
Miscellaneous
 i - a lightning rod (4/4)
 S - a box of beasts


   Skills:
 + Level 7.8 Fighting
 - Level 10.1 Ranged Weapons
 + Level 1.4 Throwing
 + Level 7.6 Dodging
 + Level 9.3 Stealth
 + Level 3.5 Shields
 + Level 13.7 Unarmed Combat
 * Level 13.0 Spellcasting
 + Level 4.8 Hexes
 + Level 4.5 Translocations
 * Level 10.9 Transmutations
 + Level 1.7 Fire Magic
 + Level 6.0 Poison Magic
 + Level 0.4 Evocations


You had 5 spell levels left.
You knew the following spells:

 Your Spells              Type           Power      Damage    Failure   Level
a - Dragon Form           Tmut           36%        N/A       65%         7
b - Spider Form           Tmut/Pois      64%        N/A       9%          3
c - Blade Hands           Tmut           36%        N/A       13%         5
d - Confusing Touch       Hex            50%        N/A       16%         3
e - Portal Projectile     Hex/Tloc       98%        N/A       16%         3
f - Ice Form              Ice/Tmut       52%        N/A       24%         4
g - Tukima's Dance        Hex            50%        N/A       16%         3
h - Frozen Ramparts       Ice            40%        1d7       38%         3
i - Yara's Violent Unrav  Hex/Tmut       31%        3d13      24%         5

Your spell library contained the following spells:

 Spells                   Type           Power      Damage    Failure   Level
 Beastly Appendage        Tmut           100%       N/A       4%          1
 Wereblood                Tmut           73%        N/A       5%          2
 Slow                     Hex            100%       N/A       10%         1
 Apportation              Tloc           96%        N/A       11%         1
 Passwall                 Tmut/Erth      43%        N/A       11%         2
 Ignite Poison            Fire/Tmut/Pois 56%        N/A       12%         3
 Ensorcelled Hibernation  Hex/Ice        70%        N/A       17%         2
 Freeze                   Ice            80%        1d9       22%         1
 Necrotise                Necr           80%        1d8       22%         1
 Sandblast                Erth           40%        2d10      22%         1
 Summon Small Mammal      Summ           80%        N/A       22%         1
 Mephitic Cloud           Conj/Pois/Air  32%        N/A       26%         3
 Static Discharge         Conj/Air       20%        3-6/arc   28%         2
 Stone Arrow              Conj/Erth      40%        3d9       38%         3
 Vampiric Draining        Necr           20%        2d7       38%         3
 Irradiate                Conj/Tmut      26%        3d20      38%         5
 Anguish                  Hex/Necr       17%        N/A       43%         4
 Fulminant Prism          Conj/Hex       17%        3d11      43%         4
 Iskenderun's Mystic Bla  Conj/Tloc      34%        2d8       45%         4
 Sticky Flame             Conj/Fire      25%        2d5       58%         4
 Dispel Undead            Necr           20%        3d11      67%         4
 Hailstorm                Conj/Ice       20%        3d6       67%         4
 Summon Lightning Spire   Summ/Air       20%        N/A       67%         4
 Fireball                 Conj/Fire      12%        3d7       83%         5
 Freezing Cloud           Conj/Ice/Air   10%        6-21      89%         5
 Lee's Rapid Deconstruct  Erth           10%        3d9*      89%         5
 Lightning Bolt           Conj/Air       10%        1d23      89%         5
 Dispersal                Tloc           24%        N/A       87%         6
 Enfeeble                 Hex            25%        N/A       99%         7
 Haunt                    Necr/Summ      10%        N/A       100%        7
 Malign Gateway           Summ/Tloc      17%        N/A       100%        7
 Summon Hydra             Summ           10%        N/A       100%        7
 Disjunction              Tloc           24%        N/A       100%        8
 Infestation              Necr           10%        N/A       100%        8
 Maxwell's Capacitive Co  Air            10%        ∞         100%        8
 Fire Storm               Conj/Fire      12%        8d3       100%        9
 Animate Dead             Necr           Unusable   N/A       N/A         4

Dungeon Overview and Level Annotations

Branches:
Dungeon (12/15)            Temple (1/1) D:4            Lair (5/5) D:9
  Swamp (4/4) Lair:2        Snake (0/4) Lair:3        Slime (0/5) Lair:4
    Orc (2/2) D:10            Elf (0/3) Orc:2         Sewer (visited)
 Bailey (visited)

Altars:
Ashenzari
Cheibriados
Elyvilon
Fedhas
Gozag
Kikubaaqudgha
Nemelex Xobeh
Okawaru
Qazlal
Sif Muna
Vehumet
Wu Jian
Xom
Yredelemnul
Zin
The Shining One
Jiyva

Shops:
D:10 (==*   Orc:2 (?[[

Annotations:
D:3 exclusion: upstairs
D:4 exclusion: upstairs
D:5 2 transporters, kalagan's ghost, novice DECj
D:7 exclusion: 2 downstairs
D:8 exclusion: 2 downstairs
D:10 exclusion: downstairs
D:11 exclusion: downstairs
D:12 exclusions: door, ugly thing and 1 more exclusion
Lair:1 exclusion: 2 downstairs
Lair:2 2 transporters, 1 exclusion, eggzz's ghost, journeyman VSBe
Lair:4 1 runed translucent door, exclusion: downstairs
Swamp:4 Aizul


Innate Abilities, Weirdness & Mutations

You have blades for main tentacles.
Your spellcasting is less reliable in this form.
You are incapable of wielding weapons or throwing items.
You cannot wear most types of armour.
You are amphibious.
You can wear up to eight rings at the same time.
Your skin changes colour to match your surroundings (Stealth+).
Your rubbery body absorbs attacks. (AC +1, EV +1)
You are camouflaged when in or above water. (Stealth+)
You have tentacles for arms and can constrict up to eight enemies at once.


Message History

A death drake comes into view.
The spriggan rider hits you from afar with a +0 spear.
The spriggan rider hits you from afar with a +0 spear!
A goliath frog comes into view.
The spriggan rider hits you from afar with a +0 spear!
The alligator misses you. The alligator completely misses you.
You shred the alligator!!!
You kill the alligator!
The spriggan rider hits you from afar with a +0 spear!
The spriggan rider closely misses you. The spriggan rider barely misses you.
Your Spellcasting skill increases to level 13!
The spriggan rider misses you.
The spriggan rider hits you with a +0 spear!
The hellwing is distracted by your dazzling golden aura.
You see here 10 gold pieces.
The spriggan rider blocks your attack.
The hellwing gives a chilling moan.
You grab the spriggan rider. You slash the spriggan rider.
The spriggan rider is lightly wounded.
You constrict the spriggan rider. The spriggan rider misses you.
The spriggan rider barely misses you.
The spriggan rider hits you with a +0 spear!
* * * LOW HITPOINT WARNING * * *
Blink to where?
Press: ? - help, Dir - move target You lose your grip on the spriggan rider.
Floosh!
As you read the scroll of blinking, it crumbles to dust.
Aizul casts a spell at you.
You fall asleep.
The spriggan rider throws a curare-tipped dart.
The curare-tipped dart hits you.
The spriggan rider is distracted by your dazzling golden aura.
The spriggan rider throws a curare-tipped dart.
The curare-tipped dart hits you.
The spriggan rider is no longer distracted by gold.
The spriggan rider hits you from afar with a +0 spear!!!
Ouch! That really hurt!
You die...
Your body crumbles into a pile of gold.

~ ~~~ ♣♣♣♣
~~...♣.~♣♣
.~~§~..@~♣ ~
..~~~.~~~♣♣.~
♣♣♣♣~♣Si^.~~~
♣♣.♣♣♣.~~$.~~
♣....i~~~...~~.
♣.~~~~~~~...♣♣♣
♣.~~<~~~~..~~
♣♣..i♣.~~.~.~~.
♣♣~~~.♣♣~...~~~


You could see Aizul and 3 spriggan riders.

Vanquished Creatures
  Gastronok (D:9)
  Kirke (Swamp:1)
  2 fenstrider witches
  2 orc warlords
  2 eleionomae
  2 bunyips
  Josephine (D:11)
  Fannar (D:10)
  Harold (D:9)
  13 hydras
  2 boulder beetles
  2 ghost crabs (Swamp:3)
  3 catoblepae (Lair:5)
  11 death yaks
  5 two-headed ogres
  7 alligators
  5 orc high priests (Orc:2)
  A goliath frog (Swamp:2)
  2 bog bodies
  3 spriggan druids
  A swamp dragon (Swamp:2)
  6 orc knights
  6 orc sorcerers
  2 ugly things
  3 will-o-the-wisps
  8 elephants
  3 cyclopes
  A manticore (Lair:5)
  4 black mambas
  A moth of wrath (shapeshifter) (D:11)
  10 cane toads
  2 gargoyles
  2 torpor snails
  3 rime drakes (Lair:2)
  8 komodo dragons
  2 unseen horrors (D:12)
  A yaktaur (D:11)
  7 trolls
  12 tyrant leeches
  A queen bee (Lair:3)
  A bloated husk (Swamp:3)
  A polar bear (Lair:5)
  A slime creature (D:12)
  3 hornets (Swamp:1)
  5 blink frogs
  4 spriggans (Swamp:1)
  Sigmund (D:2)
  A shadow (D:12)
  5 wraiths (D:11)
  4 hogs (Swamp:1)
  50 yaks
  3 basilisks
  Grum (D:11)
  5 wargs
  3 vampire mosquitoes (Swamp:2)
  3 nagas (Lair:3)
  14 swamp worms
  2 acid dragons
  8 water moccasins
  A swamp drake (D:10)
  2 black bears
  2 sky beasts
  60 orc warriors
  4 centaurs
  9 wolves
  13 ogres
  2 phantoms
  11 bullfrogs
  A necrophage (D:4)
  5 scorpions
  27 killer bees
  4 howler monkeys
  6 electric eels
  A jelly (D:6)
  10 hounds
  34 orc priests
  3 gnoll boudas
  5 iguanas
  23 orc wizards
  22 gnolls
  A river rat (Sewer)
  15 adders
  2 shadow imps
  A white imp (D:5)
  3 worms (Sewer)
  2 dart slugs
  120 orcs
  6 ball pythons
  10 endoplasms
  3 giant cockroaches
  24 goblins
  19 hobgoblins
  4 quokkas
  4 bats
  13 kobolds
  7 rats
744 creatures vanquished.

Vanquished Creatures (others)
  A bloated husk (Swamp:1)
  A human (Swamp:1)
  14 foxfires
  22 fungi
  57 plants
95 creatures vanquished.

Grand Total: 839 creatures vanquished

Notes
Turn   | Place    | Note
-------+----------+-------------------------------------------
     0 | D:1      | H0rd4k the Octopode Transmuter began the quest for the Orb.
     0 | D:1      | Reached XP level 1. HP: 13/13 MP: 3/3
    23 | D:1      | Reached XP level 2. HP: 4/18 MP: 5/5
   616 | D:1      | Reached XP level 3. HP: 15/23 MP: 6/6
  1227 | D:2      | Found a faded altar of an unknown god.
  1307 | D:2      | Found a glowing silver altar of Zin.
  1331 | D:2      | Reached XP level 4. HP: 27/28 MP: 7/7
  1348 | D:2      | Noticed Sigmund
  1538 | D:3      | Found a glowing drain.
  1554 | Sewer    | Entered a sewer
  1566 | Sewer    | Reached skill level 1 in Stealth
  2224 | Sewer    | Reached XP level 5. HP: 33/33 MP: 6/8
  2560 | D:4      | Learned a level 3 spell: Spider Form
  2597 | D:4      | Found a staircase to the Ecumenical Temple.
  2633 | Temple   | Entered the Ecumenical Temple
  2684 | Temple   | Became a worshipper of Gozag Ym Sagoz the Greedy
  3081 | D:4      | Reached skill level 1 in Poison Magic
  3081 | D:4      | Reached XP level 6. HP: 38/38 MP: 5/10
  3137 | D:4      | Noticed a sky beast
  4063 | D:3      | Found a glowing silver altar of Zin.
  4064 | D:3      | Found a blossoming altar of Fedhas.
  4440 | D:3      | Reached skill level 5 in Unarmed Combat
  4811 | D:4      | Found a radiant altar of Vehumet.
  4997 | D:4      | Reached XP level 7. HP: 43/43 MP: 7/11
  5218 | D:5      | Entered Level 5 of the Dungeon
  5233 | D:5      | Found a transporter.
  5233 | D:5      | Noticed kalagan's ghost (novice DECj)
  5546 | D:5      | Found the +1 Delatra's gloves {ID++}
  5675 | D:5      | Reached XP level 8. HP: 37/48 MP: 9/13
  5755 | D:5      | Found a transporter.
  6707 | D:6      | Reached skill level 5 in Stealth
  7424 | D:7      | Reached XP level 9. HP: 52/54 MP: 11/16
  7746 | D:7      | Reached skill level 5 in Spellcasting
  7942 | D:7      | Identified the +3 sling "Ultimatum" {flame, rC++ Will- MP+9
                  | Int+2}
  8396 | D:7      | Reached skill level 5 in Transmutations
  9444 | D:8      | Reached skill level 5 in Poison Magic
  9955 | D:8      | Found a snail-covered altar of Cheibriados.
 10082 | D:9      | Noticed a troll
 10094 | D:9      | Noticed Harold
 10674 | D:2      | Killed Sigmund
 11261 | D:9      | Reached XP level 10. HP: 32/60 MP: 15/18
 11533 | D:9      | Found a glowing golden altar of the Shining One.
 11684 | D:9      | Noticed Gastronok
 11862 | D:10     | Entered Level 10 of the Dungeon
 11863 | D:10     | Noticed Fannar
 11875 | D:10     | Learned a level 5 spell: Blade Hands
 11881 | D:10     | Learned a level 3 spell: Confusing Touch
 11911 | D:10     | Noticed a fire crab
 11982 | D:10     | Found a sparkling altar of Nemelex Xobeh.
 12054 | D:10     | Reached skill level 1 in Hexes
 12193 | D:10     | Found a flagged portal.
 12225 | Bailey   | Entered a bailey
 12796 | Bailey   | Noticed an orc knight
 12830 | Bailey   | Killed an orc knight
 13263 | Bailey   | Reached skill level 1 in Shields
 13462 | Bailey   | Noticed an orc warlord
 13818 | Bailey   | Killed an orc warlord
 13819 | Bailey   | Reached skill level 10 in Unarmed Combat
 13819 | Bailey   | Reached XP level 11. HP: 20/65 MP: 21/21
 14269 | Bailey   | Acquired a +1 triple crossbow of flaming
 14285 | Bailey   | Learned a level 3 spell: Portal Projectile
 14430 | D:10     | Reached skill level 1 in Throwing
 14440 | D:10     | Reached skill level 1 in Ranged Weapons
 14991 | D:10     | Noticed a two-headed ogre
 15005 | D:10     | Killed a two-headed ogre
 15006 | D:10     | Reached skill level 5 in Dodging
 15089 | D:10     | Found a staircase to the Orcish Mines.
 15100 | D:10     | Reached skill level 1 in Translocations
 15702 | D:11     | Noticed a boulder beetle
 15918 | D:11     | Noticed Grum
 15940 | D:11     | Killed Grum
 16176 | D:11     | Noticed Josephine
 16457 | D:10     | Bought the ring "Uphagim" {Fly rN+} for 320 gold pieces
 16457 | D:10     | Bought the ring of Efivosum {Will- Str+6 Int+5} for 542
                  | gold pieces
 16861 | D:12     | Noticed a brown ugly thing
 17435 | D:12     | Noticed a cyclops
 17441 | D:12     | Killed a cyclops
 17730 | D:12     | Reached XP level 12. HP: 72/72 MP: 23/23
 17752 | D:12     | Noticed a five-headed hydra
 17758 | D:12     | Killed a five-headed hydra
 17980 | D:12     | Noticed a five-headed hydra
 17988 | D:12     | Killed a five-headed hydra
 18863 | D:11     | Killed Josephine
 18892 | D:11     | Noticed a two-headed ogre
 18921 | D:11     | Killed a two-headed ogre
 19003 | D:11     | Killed a boulder beetle
 19431 | D:10     | Killed Fannar
 19432 | D:10     | Reached skill level 5 in Ranged Weapons
 19679 | D:9      | Killed Harold
 19691 | D:9      | Killed Gastronok
 19875 | D:9      | Found a staircase to the Lair.
 19923 | D:9      | Learned a level 4 spell: Ice Form
 19927 | D:9      | Learned a level 3 spell: Stone Arrow
 19931 | D:9      | Learned a level 3 spell: Frozen Ramparts
 19946 | Lair:1   | Entered Level 1 of the Lair of Beasts
 20284 | Lair:1   | Reached XP level 13. HP: 79/79 MP: 26/26
 21233 | Lair:2   | Found a transporter.
 21233 | Lair:2   | Noticed eggzz's ghost (journeyman VSBe)
 21238 | Lair:2   | Found a transporter.
 22366 | Lair:2   | Reached skill level 10 in Spellcasting
 22995 | Lair:2   | Found a staircase to the Swamp.
 23560 | Lair:2   | Found the +4 skin of Zhor {*Englaciate rC+++ SInv}
 23616 | Lair:2   | Found the +8 orange crystal plate armour {Archmagi, Int+3
                  | Clar}
 23883 | Lair:2   | HP: 3/81 [poisoned by a black mamba]
 24575 | Lair:3   | Found a staircase to the Snake Pit.
 25742 | Lair:3   | Reached skill level 5 in Fighting
 26418 | Lair:4   | Reached XP level 14. HP: 68/88 MP: 14/28
 26723 | Lair:4   | Acquired H0rd4k's Folio of the Amorphous Throng
 26731 | Lair:4   | Learned a level 3 spell: Tukima's Dance
 26794 | Lair:4   | You are sucked into a shaft and drop 1 floor!
 26794 | Lair:5   | Entered Level 5 of the Lair of Beasts
 28125 | Lair:4   | Found a runed translucent door.
 28125 | Lair:4   | Found a viscous altar of Jiyva.
 28126 | Lair:4   | Found a staircase to the Slime Pits.
 30042 | D:10     | Bought the ring "Jaelu Nus" {rElec rF++ rC- rN+ MP+9 Int+6}
                  | for 1254 gold pieces
 30724 | Lair:5   | HP: 4/90 [yak (8)]
 31247 | Lair:5   | Identified the +5 falchion "Eten" {drain, Will+ rCorr Str+3
                  | Dex-2}
 31263 | Lair:5   | Learned a level 5 spell: Yara's Violent Unravelling
 32262 | D:10     | Bought the ring "Epsisk" {EV+4 Str+3 Dex+2} for 802 gold
                  | pieces
 32297 | Orc:1    | Entered Level 1 of the Orcish Mines
 32513 | Orc:1    | Reached skill level 1 in Fire Magic
 32631 | Orc:2    | Entered Level 2 of the Orcish Mines
 33635 | Orc:2    | Found Iblaah's Antique Weapon Emporium.
 33706 | Orc:2    | Found Jisuss's Magic Scroll Shoppe.
 34184 | Orc:2    | Reached XP level 15. HP: 97/97 MP: 30/30
 34465 | Orc:2    | Found a staircase to the Elven Halls.
 34587 | Orc:2    | Identified the +8 dagger "Keyrer" {vorpal, rElec Will+}
 34790 | Orc:2    | Noticed an orc warlord
 34832 | Orc:2    | Killed an orc warlord
 35170 | Orc:2    | Found Gozad's Antique Armour Shoppe.
 35184 | Orc:2    | Bought an embroidered hat for 147 gold pieces
 35814 | Orc:2    | Found Cihoquez's Armour Emporium.
 36300 | Orc:1    | Reached skill level 10 in Transmutations
 37238 | Swamp:1  | Entered Level 1 of the Swamp
 37238 | Swamp:1  | Noticed Kirke
 37254 | Swamp:1  | Killed Kirke
 38739 | Swamp:2  | Noticed a fenstrider witch
 38749 | Swamp:2  | Killed a fenstrider witch
 39524 | Swamp:2  | Reached skill level 10 in Ranged Weapons
 40002 | Swamp:2  | Found a glowing golden altar of the Shining One.
 40182 | Swamp:2  | Learned a level 7 spell: Dragon Form
 41227 | Swamp:3  | Got the Precepts of the Quarry and the Salvo
 41245 | Swamp:3  | Reached XP level 16. HP: 100/102 MP: 32/32
 41504 | Swamp:3  | Identified the +2 lajatang of Dim Light {vorpal, Int+3}
 41545 | Swamp:3  | Noticed a fenstrider witch
 41553 | Swamp:3  | Killed a fenstrider witch
 41969 | Swamp:4  | Entered Level 4 of the Swamp
 42048 | Swamp:4  | Noticed Aizul
 42056 | Swamp:4  | Annihilated by a spriggan rider

Illustrated notes

Levels and vault maps discovered:
D:1:      doesnt_arrival_eight_statues, layout_loops_ring
D:2:      cheibrodos_greedy_goblins, layout_basic,
          ebering_ecumenical_altar_mist, basic_altar, supply_closet_lemuel,
          columned_hall_lemuel, grunt_ministairs_11, minivault_11,
          chequers_serial_rivers_micro_a, uniq_natasha, uniq_sigmund
D:3:      layout_basic, gammafunk_temple_overflow_pools, portal_sewer_entry_d,
          kennysheep_generic_room_2
D:4:      layout_basic, mainiacjoe_overflow_surrounded_room, temple_statues,
          minmay_cut_off
D:5:      layout_basic, gammafunk_ghost_mausoleum, glass_columns_b,
          minmay_misc_feat_square, pf_guarded_unrand_delatra
D:6:      layout_basic, hangedman_decor_slide_cut
D:7:      layout_basic
D:8:      layout_basic, mainiacjoe_overflow_alcove_4
D:9:      layout_big_octagon, mainiacjoe_overflow_small_starburst,
          erik_lair_island, uniq_harold, uniq_gastronok
D:10:     layout_loops_ring, mainiacjoe_overflow_tiny_flanked, erik_orc_1,
          enter_bailey_7, nrook_mini_backslash, hangedman_decor_clover_reticule,
          wad_dig_loot, uniq_fannar
D:11:     layout_basic, minmay_fractal_squares_gapless_7, uniq_grum,
          uniq_josephine
D:12:     layout_roguey, the_hattery
Temple:   nicolae_temple_superstar
Lair:1:   layout_regular_city, serial_rivers, chequers_serial_rivers_micro_a,
          chequers_serial_rivers_micro_a, chequers_serial_rivers_room_b,
          chequers_serial_rivers_micro_e
Lair:2:   nzn_winding_woodlands_large [nzn_winding_woodlands_5x5_open_star,
          nzn_winding_woodlands_5x15_crooked,
          nzn_winding_woodlands_5x5_closed_star,
          nzn_winding_woodlands_center_garden,
          nzn_winding_woodlands_15x15_eel_pit,
          nzn_winding_woodlands_center_triple_pond,
          nzn_winding_woodlands_5x5_cross, nzn_winding_woodlands_5x15_default,
          nzn_winding_woodlands_5x5_three], layout_cave_pods,
          minmay_swamp_entry_worms, gammafunk_ghost_arena,
          infiniplex_staircase_pool
Lair:3:   layout_cave_pods, guppyfry_snake_entry_garden, special_room
          [special_room_bee], grunt_megastairs_4
Lair:4:   layout_regular_city, slime_entry_2
Lair:5:   evilmike_catoblepas_cave, layout_regular_city
Swamp:1:  layout_basic_swamp, evilmike_swamp_ruin_house_4, uniq_kirke
Swamp:2:  layout_basic_swamp, nicolae_swamp_godswood, swamp_pool1
Swamp:3:  layout_falls_marsh, evilmike_swamp_ruin_rubble_1, swamp_pool2
Swamp:4:  nzn_swamp_witches_coven, layout_basic_swamp, uniq_aizul
Orc:1:    layout_diamond_mine
Orc:2:    pubby_orc_utopia, serial_shops

Skill      XL: |  1  2  3  4  5  6  7  8  9 10 11 12 13 14 15 16 |
---------------+-------------------------------------------------+-----
Unarmed Combat | 4 5 6 8 10 11 12 13 | 13.7
Stealth        | 1 3 4 5 6 7 8 9 |  9.3
Poison Magic   | 1 3 4 5 6 |  6.0
Transmutations | 3 4 5 7 8 9 10 | 10.9
Spellcasting   | 3 4 5 7 9 10 11 12 13 | 13.0
Dodging        | 3 4 5 6 7 |  7.6
Fighting       | 2 3 5 7 |  7.8
Hexes          | 1 2 3 4 |  4.8
Shields        | 1 3 |  3.5
Throwing       | 1 |  1.4
Ranged Weapons | 3 6 8 9 10 | 10.1
Translocations | 2 3 4 |  4.5
Fire Magic     | 1 |  1.7
Evocations     | |  0.4

Action                   |  1- 3 |  4- 6 |  7- 9 | 10-12 | 13-15 | 16-18 || total
-------------------------+-------+-------+-------+-------+-------+-------++-------
Melee: Unarmed           |    66 |   161 |   377 |   524 |   359 |     6 ||  1493
       Constrict         |    20 |    27 |    13 |     9 |    51 |     1 ||   121
       Punch             |     4 |     1 |     7 |     8 |    21 |     1 ||    42
       Tentacles         |    11 |    32 |    20 |    27 |    65 |     2 ||   157
       Kick              |       |    25 |     9 |    14 |       |       ||    48
       Triple crossbow   |       |       |       |       |     2 |       ||     2
 Fire: Triple crossbow   |       |       |       |    84 |   565 |    44 ||   693
Throw: Dart              |       |       |       |    12 |     3 |       ||    15
 Cast: Beastly Appendage |       |    16 |     2 |     4 |     1 |       ||    23
       Spider Form       |       |     8 |    42 |    41 |    12 |       ||   103
       Blade Hands       |       |       |       |    13 |    42 |     2 ||    57
       Portal Projectile |       |       |       |       |    81 |     9 ||    90
       Ice Form          |       |       |       |       |     1 |       ||     1
       Confusing Touch   |       |       |       |       |     5 |     1 ||     6
Invok: Call Merchant     |       |       |       |     2 |     2 |       ||     4
 Abil: End Transformatio |       |       |       |     3 |     6 |       ||     9
Evoke: Wand              |       |       |     1 |     4 |     4 |       ||     9
  Use: Potion            |       |     1 |       |     9 |     6 |       ||    16
       Scroll            |       |       |     7 |    27 |    14 |     2 ||    50
 Stab: Sleeping          |     6 |    14 |    14 |     1 |     7 |       ||    42
       Distracted        |       |     1 |     4 |     5 |    10 |       ||    20
       Invisible         |       |       |     1 |     2 |       |       ||     3
       Confused          |       |       |       |       |     2 |     2 ||     4
Armor: Skin              |     8 |     9 |    52 |    32 |    71 |     5 ||   177
Dodge: Dodged            |    34 |    85 |   293 |   343 |   548 |    35 ||  1338
Block: Other             |       |       |       |    80 |    13 |       ||    93
       Reflection        |       |       |       |     1 |     1 |       ||     2
